 Dungeon Crawl Stone Soup version 0.30-a0-310-g7d6cbdfea6 (webtiles) character file.

Game seed: 9781451096125065074

135 Hubris850 the Insei (level 5, 0/41 HPs)
             Began as a Gnoll Transmuter on Oct 24, 2022.
             Was an Initiate of Qazlal.
             Killed by nerve-wracking pain
             ... invoked by Grinder
              (7 damage)
             ... on level 3 of the Dungeon.
             The game lasted 00:06:11 (2337 turns).

Hubris850 the Insei (Gnoll Transmuter)              Turns: 2337, Time: 00:06:12

Health: 0/41       AC:  2    Str: 11    XL:     5   Next: 18%
Magic:  9/12       EV: 22    Int: 12    God:    Qazlal [......]
Gold:   149        SH:  0    Dex: 18    Spells: 8/14 levels left

rFire   . . .      SeeInvis .      - Unarmed
rCold   . . .      Faith    .    (shield currently unavailable)
rNeg    . . .      Spirit   .    (body armour currently unavailable)
rPois   .          Reflect  .    (helmet currently unavailable)
rElec   .          Harm     .    (cloak currently unavailable)
rCorr   .          Rampage  .    (gloves currently unavailable)
Will    .....                    (boots currently unavailable)
Stlth   ++........               (no amulet)
HPRegen 0.26/turn                m - ring of poison resistance
MPRegen 0.13/turn                (no ring)

@: spider-form (expiring)
A: venomous fangs, tiny, (fangs 1), strong nose, distributed training
a: End Transformation, Renounce Religion


You were on level 3 of the Dungeon.
You worshipped Qazlal.
Qazlal was noncommittal.
You were a venomous arachnid creature.
You visited 1 branch of the dungeon, and saw 4 of its levels.

You collected 149 gold pieces.

Inventory:

Hand Weapons
 c - a +0 dire flail
Armour
 a - a +0 robe
 f - a +0 buckler
 l - a +0 cloak of stealth (melded)
 q - the +1 robe of Green the Leaf (melded) {Str+3}
   (You took it off a goblin on level 2 of the Dungeon)

   Str:       It affects your strength (+3).
 s - a +0 pair of boots (melded)
Jewellery
 i - a ring of fire
 m - a ring of poison resistance (left front leg)
 p - a ring of resist corrosion
Scrolls
 e - a scroll of noise {unknown}
 j - 7 scrolls of teleportation {unknown}
 k - 5 scrolls of identify {unknown}
 r - a scroll of immolation {unknown}
 t - a scroll of summoning {unknown}
Potions
 b - 4 potions of lignification
 d - 2 potions of ambrosia {unknown}
 g - a potion of cancellation {unknown}
 h - a potion of invisibility {unknown}
 n - a potion of resistance {unknown}
 o - 2 potions of curing {unknown}
 u - a potion of flight {unknown}
 v - a potion of heal wounds {unknown}


   Skills:
 + Level 3.0 Fighting
 + Level 1.4 Short Blades
 + Level 1.4 Long Blades
 + Level 1.4 Axes
 + Level 1.4 Maces & Flails
 + Level 1.4 Polearms
 + Level 1.4 Staves
 + Level 1.4 Ranged Weapons
 + Level 1.4 Throwing
 + Level 1.4 Armour
 + Level 4.8 Dodging
 + Level 1.4 Stealth
 + Level 1.4 Shields
 + Level 6.7 Unarmed Combat
 + Level 5.2 Spellcasting
 + Level 1.1 Conjurations
 + Level 1.1 Hexes
 + Level 1.1 Summonings
 + Level 1.1 Necromancy
 + Level 1.1 Translocations
 + Level 3.9 Transmutations
 + Level 1.1 Fire Magic
 + Level 1.1 Ice Magic
 + Level 1.1 Air Magic
 + Level 1.1 Earth Magic
 + Level 1.1 Poison Magic
 + Level 1.6 Invocations
 + Level 1.4 Evocations


You had 8 spell levels left.
You knew the following spells:

 Your Spells              Type           Power      Damage    Failure   Level
a - Beastly Appendage     Tmut           24%        N/A       12%         1
b - Wereblood             Tmut           12%        N/A       17%         2
c - Spider Form           Tmut/Pois      9%         N/A       41%         3

Your spell library contained the following spells:

 Spells                   Type           Power      Damage    Failure   Level
 Ice Form                 Ice/Tmut       9%         N/A       77%         4


Dungeon Overview and Level Annotations

Branches:
Dungeon (4/15)
 Temple: D:4-7

Altars:
Okawaru
Qazlal
Ru

Shops:
D:1 *

Annotations:
D:3 Grinder


Innate Abilities, Weirdness & Mutations

You are a venomous arachnid creature.
You have poisonous fangs.
You are tiny and dextrous.
Your spellcasting is less reliable in this form.
Your armour is entirely melded.
You are incapable of wielding weapons or throwing items.
((You have very sharp teeth.))
Your uncanny sense of smell can sniff out nearby items.
Your experience applies equally to all skills.


Message History

Your +0 cloak of stealth melds into your body.
Your +0 pair of boots melds into your body.
The +1 robe of Green the Leaf {Str+3} melds into your body.
You feel less stealthy. Grinder gestures at you.
You resist with significant effort. The phantom misses you.
You bite Grinder!
Grinder is moderately wounded.
Grinder hits you!
The phantom hits you but does no damage.
You hit Grinder but do no damage.
Grinder is moderately wounded.
Grinder hits you.
You writhe in agony.
The phantom hits you.
You hit Grinder.
Grinder is moderately wounded.
Grinder barely misses you. The phantom completely misses you.
You hit Grinder.
Grinder is heavily wounded.
Grinder says, "DUCK!"
Grinder barely misses you. The phantom completely misses you.
You hit Grinder.
Grinder is heavily wounded.
Grinder hits you!
You writhe in agony.
The phantom closely misses you.
You hit Grinder.
Grinder is severely wounded.
Your transformation is almost over.
You hit Grinder but do no damage.
Grinder is severely wounded.
Grinder gestures at you.
You barely resist. The phantom misses you.
You completely miss Grinder.
Grinder is severely wounded.
Grinder barely misses you. The phantom hits you!
* * * LOW HITPOINT WARNING * * *
The phantom blinks!
You blink.
You hit the phantom.
The phantom is lightly damaged.
Grinder gestures at you. Pain shoots through your body!
You die...

#.........# #.#..^..>...<...
#######...# #.#.....##.####.
#...# #.......##.####. #...#
#......###...... #...# #......#
####### # #...# #..#.##### #
#...# #..#.#...#######
########...#######..#...........#
#...............sW...(..........#
....................>#..........#
#.....................).........#
########...######.#5#.####......#
##...### #...§.#.....#####
#......# ##...§.......#
#....#.###........###.#
####....#.##...........#.#
#.......#.##.........#.#.#


You could see Grinder and a phantom.

Vanquished Creatures
  An iguana (D:3)
  4 adders (D:3)
  An ufetubus (D:3)
  A worm (D:2)
  2 dart slugs
  An orc (D:3)
  3 ball pythons (D:2)
  3 bats
  8 endoplasms
  2 giant cockroaches (D:2)
  2 hobgoblins
  4 jackals
  7 kobolds
  2 quokkas
  A frilled lizard (D:1)
  11 goblins
  5 rats
58 creatures vanquished.

Vanquished Creatures (others)
  2 jackals (D:3)
2 creatures vanquished.

Grand Total: 60 creatures vanquished

Notes
Turn   | Place    | Note
-------+----------+-------------------------------------------
     0 | D:1      | Hubris850 the Gnoll Transmuter began the quest for the Orb.
     0 | D:1      | Reached XP level 1. HP: 17/17 MP: 6/6
   118 | D:1      | Found Nackimol's Assorted Antiques.
   124 | D:1      | Reached XP level 2. HP: 20/23 MP: 7/7
   272 | D:1      | Learned a level 2 spell: Wereblood
   317 | D:1      | Reached skill level 5 in Spellcasting
   317 | D:1      | Reached XP level 3. HP: 26/28 MP: 6/9
   331 | D:1      | Learned a level 3 spell: Spider Form
   551 | D:2      | Found a stormy altar of Qazlal.
   570 | D:2      | Reached skill level 1 in Invocations
   582 | D:2      | Became a worshipper of Qazlal Stormbringer
   704 | D:2      | You fall into a shaft and drop 1 floor!
   795 | D:3      | Reached skill level 1 in Short Blades
   795 | D:3      | Reached skill level 1 in Long Blades
   795 | D:3      | Reached skill level 1 in Axes
   795 | D:3      | Reached skill level 1 in Maces & Flails
   795 | D:3      | Reached skill level 1 in Polearms
   795 | D:3      | Reached skill level 1 in Staves
   795 | D:3      | Reached skill level 1 in Ranged Weapons
   795 | D:3      | Reached skill level 1 in Throwing
   795 | D:3      | Reached skill level 1 in Armour
   795 | D:3      | Reached skill level 1 in Stealth
   795 | D:3      | Reached skill level 1 in Shields
   795 | D:3      | Reached skill level 1 in Evocations
   892 | D:3      | Reached XP level 4. HP: 29/34 MP: 11/11
   942 | D:3      | Reached skill level 1 in Conjurations
   942 | D:3      | Reached skill level 1 in Hexes
   942 | D:3      | Reached skill level 1 in Summonings
   942 | D:3      | Reached skill level 1 in Necromancy
   942 | D:3      | Reached skill level 1 in Translocations
   942 | D:3      | Reached skill level 1 in Fire Magic
   942 | D:3      | Reached skill level 1 in Ice Magic
   942 | D:3      | Reached skill level 1 in Air Magic
   942 | D:3      | Reached skill level 1 in Earth Magic
   942 | D:3      | Reached skill level 1 in Poison Magic
  1067 | D:3      | Found a stormy altar of Qazlal.
  1139 | D:3      | Found a sacrificial altar of Ru.
  1309 | D:2      | Identified the +1 robe of Green the Leaf {Str+3}
  1779 | D:3      | Found an iron altar of Okawaru.
  1940 | D:3      | Reached XP level 5. HP: 35/40 MP: 10/12
  2270 | D:4      | Noticed Grinder
  2270 | D:4      | Noticed a phantom
  2270 | D:4      | Noticed a phantom
  2337 | D:3      | Killed from afar by Grinder

Illustrated notes

Levels and vault maps discovered:
D:1:      dpeg_arrival_solitude, layout_rooms, serial_shops, shop
D:2:      layout_basic, basic_altar
D:3:      layout_loops_cross, general_overflow_altar, lemuel_crystal_altar,
          nicolae_qazlal_scattered_showers, dk_vineyard_1, minmay_puff
D:4:      layout_rooms, trog_butcher_becter, corner_web_ring, minmay_bisected,
          uniq_grinder, uniq_pikel

Skill      XL: |  1  2  3  4  5 |
---------------+----------------+-----
Spellcasting   | 5 |  5.2
Invocations    | 1 |  1.6
Short Blades   | 1 |  1.4
Long Blades    | 1 |  1.4
Axes           | 1 |  1.4
Maces & Flails | 1 |  1.4
Polearms       | 1 |  1.4
Staves         | 1 |  1.4
Ranged Weapons | 1 |  1.4
Throwing       | 1 |  1.4
Armour         | 1 |  1.4
Stealth        | 1 |  1.4
Shields        | 1 |  1.4
Evocations     | 1 |  1.4
Conjurations   | 1 |  1.1
Hexes          | 1 |  1.1
Summonings     | 1 |  1.1
Necromancy     | 1 |  1.1
Translocations | 1 |  1.1
Fire Magic     | 1 |  1.1
Ice Magic      | 1 |  1.1
Air Magic      | 1 |  1.1
Earth Magic    | 1 |  1.1
Poison Magic   | 1 |  1.1
Fighting       | 3 |  3.0
Dodging        | |  4.8
Unarmed Combat | |  6.7
Transmutations | |  3.9

Action                   |  1- 3 |  4- 6 || total
-------------------------+-------+-------++-------
Melee: Unarmed           |    78 |    66 ||   144
       Kick              |     8 |    11 ||    19
       Headbutt          |     5 |     7 ||    12
       Punch             |     2 |     2 ||     4
       Bite              |     5 |     5 ||    10
 Cast: Beastly Appendage |    12 |    14 ||    26
       Wereblood         |     4 |     1 ||     5
       Spider Form       |       |     1 ||     1
 Stab: Sleeping          |       |     3 ||     3
Armor: Robe              |     6 |    11 ||    17
       Skin              |       |     1 ||     1
Dodge: Dodged            |    46 |    41 ||    87

Table legend: (Time is in decaauts)
 A = Elapsed time spent in this place.
 B = Non-inter-level travel time spent in this place.
 C = Inter-level travel time spent in this place.
 D = Time resting spent in this place.
 E = Time spent auto-exploring this place.
 F = Levels seen in this place.
 G = Mean time per level.
                   A        B        C        D        E       F      G
               +--------+--------+--------+--------+--------+-----+--------+
         Total |   2321 |   2233 |     88 |    113 |   1540 |   4 |  580.2 |
       Dungeon |   2321 |   2233 |     88 |    113 |   1540 |   4 |  580.2 |
               +--------+--------+--------+--------+--------+-----+--------+

Top non-repeatable levels by time:
     D:3: 1034 daAuts
     D:2: 744 daAuts
     D:1: 538 daAuts
     D:4: 4 daAuts
